 Dungeon Crawl Stone Soup version 0.32-a0-120-gfac0567ad4 (webtiles) character file.

Game seed: 5903431341342986677

45 LobsterGuardian the Chopper (level 3, -7/27 HPs)
             Began as a Formicid Gladiator on Feb 7, 2024.
             Succumbed to a goblin's poison
             ... on level 2 of the Dungeon.
             The game lasted 00:02:20 (1199 turns).

LobsterGuardian the Chopper (Formicid Gladiator)    Turns: 1199, Time: 00:02:21

Health: -7/27      AC:  8    Str: 20    XL:     3   Next: 90%
Magic:  3/3        EV:  9    Int:  7    God:
Gold:   46         SH:  0    Dex: 15    Spells: 2/2 levels left

rFire   . . .        a - +0 war axe
rCold   . . .        (no shield)
rNeg    . . .        g - +0 chain mail
rPois   .            (helmet unavailable)
rElec   .            (no cloak)
rCorr   .            (no gloves)
SInv    +            (no boots)
Will    .....        (no amulet) Stlth
                     (no ring)
HPRegen 0.24/turn    (no ring)
MPRegen 0.08/turn

%: no passive effects
@: mighty, lethally poisoned (-7 -> -37)
A: permanent stasis, dig shafts and tunnels, antennae 3, four strong arms
a: Dig, Shaft Self


You were on level 2 of the Dungeon.
You visited 1 branch of the dungeon, and saw 2 of its levels.

You collected 46 gold pieces.

Inventory:

Hand Weapons
 a - a +0 war axe (weapon)
Missiles
 c - 3 throwing nets (quivered)
 d - a javelin
Armour
 g - a +0 chain mail (worn)
Scrolls
 f - a scroll of revelation {unknown}
Potions
 e - a potion of might


   Skills:
 + Level 2.2 Fighting
 * Level 4.2 Axes
 - Level 2.0 Throwing
 + Level 3.0 Dodging


You had 2 spell levels left.
You didn't know any spells.
Your spell library contained the following spells:

 Spells                   Type           Power      Damage    Failure   Level
 Ensorcelled Hibernation  Hex/Ice        0%         N/A       99%         2
 Passwall                 Erth           0%         N/A       100%        3
 Tukima's Dance           Hex            0%         N/A       100%        3
 Animate Dead             Necr           0%         N/A       100%        4
 Dimensional Bullseye     Hex/Tloc       0%         N/A       100%        4
 Iskenderun's Mystic Bla  Conj/Tloc      0%         2d3       100%        4
 Borgnjor's Vile Clutch   Necr/Erth      0%         N/A       100%        5
 Death Channel            Necr           0%         N/A       100%        6
 Swiftness                Air            Unusable   N/A       N/A         3

Dungeon Overview and Level Annotations

Branches:
Dungeon (2/15)

Altars:

Annotations:
D:2 Robin


Innate Abilities, Weirdness & Mutations

You cannot be hasted, slowed, berserked, paralysed or teleported.
You can dig through walls and to a lower floor.
You have a pair of large antennae on your head. (SInv)
Your four strong arms can wield two-handed weapons with a shield.


Message History

The goblin hits you but does no damage.
You closely miss the hobgoblin.
The hobgoblin is lightly wounded.
You slash the goblin!
You kill the goblin!
Robin throws the goblin at you! The hobgoblin hits you.
The goblin closely misses you.
You closely miss the hobgoblin.
The hobgoblin is lightly wounded.
You closely miss the goblin.
The hobgoblin hits you but does no damage.
The goblin hits you with a +1 dagger of venom.
You are poisoned.
The hobgoblin closely misses you. The goblin hits you but does no damage.
You are more poisoned.
It was a potion of might.
You feel very mighty all of a sudden.
You feel very sick. The hobgoblin barely misses you.
The goblin hits you with a +1 dagger of venom.
You are lethally poisoned!
As you read the scroll labelled YSUOP IQAK, it crumbles to dust.
You hear a loud clanging noise!
It was a scroll of noise.
You feel very sick. The hobgoblin closely misses you.
The goblin hits you but does no damage.
You are more poisoned.
You barely miss the goblin. You slash the hobgoblin!
You kill the hobgoblin!
* * * LOW HITPOINT WARNING * * *
You feel extremely sick.
The goblin no longer looks unusually strong.
Robin's bangles clink loudly.
The goblin hits you with a +1 dagger of venom.
* * * LOW HITPOINT WARNING * * *
You are more poisoned.
You slash the goblin!
You kill the goblin!
You hit Robin.
You die...

#.#.#
#...######..##.#
#.#.#
#..............#
#.#..
#.#..#######.#####
#.# #.#..# #.....#
#.#
#.#..###########.###
#.#
#.#...(.............
#.#
#.#.############....
###.#####.#)# #....
#.........#@# #....
###########g# #....
#K# #.... ..., #....
... #.... #....
#..(. #...., #.....


You could see Robin and a kobold.

Vanquished Creatures
  A dart slug (D:1)
  A ball python (D:2)
  2 bats
  4 endoplasms (D:1)
  11 goblins
  7 hobgoblins
  2 jackals (D:1)
  4 kobolds (D:1)
  A frilled lizard (D:1)
  4 rats (D:1)
37 creatures vanquished.

Notes
Turn   | Place    | Note
-------+----------+-------------------------------------------
     0 | D:1      | LobsterGuardian the Formicid Gladiator began the quest for
                  | the Orb.
     0 | D:1      | Reached XP level 1. HP: 16/16 MP: 1/1
    88 | D:1      | Reached XP level 2. HP: 19/22 MP: 2/2
   399 | D:1      | Reached XP level 3. HP: 27/27 MP: 3/3
   511 | D:1      | Reached skill level 4 in Axes
   874 | D:2      | Noticed Robin
  1198 | D:2      | HP: 1/27 [goblin/+1 dagger of venom[Robin] (1)]
  1199 | D:2      | Succumbed to a goblin's poison

Illustrated notes

Levels and vault maps discovered:
D:1:      wander_arrival_abandoned_jail, layout_loops_ring
D:2:      layout_basic, uniq_robin

Skill      XL: |  1  2  3 |
---------------+----------+-----
Axes           | 4 |  4.2
Dodging        | 3 |  3.0
Fighting       | |  2.2
Throwing       | |  2.0

Action                     || total
---------------------------++-------
  Melee: War axe           ||    83
         Punch             ||     2
    Use: Scroll            ||     1
         Potion            ||     1
   Stab: Sleeping          ||     2
 Armour: Leather armour    ||    20
         Chain mail        ||    32
  Dodge: Dodged            ||    58

Table legend: (Time is in decaauts)
 A = Elapsed time spent in this place.
 B = Non-inter-level travel time spent in this place.
 C = Inter-level travel time spent in this place.
 D = Time resting spent in this place.
 E = Time spent auto-exploring this place.
 F = Levels seen in this place.
 G = Mean time per level.
                   A        B        C        D        E       F      G
               +--------+--------+--------+--------+--------+-----+--------+
         Total |   1224 |   1126 |     98 |    100 |    801 |   2 |  612.0 |
       Dungeon |   1224 |   1126 |     98 |    100 |    801 |   2 |  612.0 |
               +--------+--------+--------+--------+--------+-----+--------+

Top non-repeatable levels by time:
     D:1: 1021 daAuts
     D:2: 203 daAuts
